 Dungeon Crawl Stone Soup version 0.29.0-4-gdea44cf6ec (webtiles) character file.

Game seed: 13795374055276987339

10 qw the Chopper (level 2, 0/17 HPs)
             Began as a Tengu Warper on Aug 29, 2022.
             Succumbed to their own poison gas
             ... on level 1 of the Dungeon.
             The game lasted 00:00:13 (852 turns).

qw the Chopper (Tengu Warper)                        Turns: 852, Time: 00:00:14

Health: 0/17       AC:  6    Str: 11    XL:     2   Next: 20%
Magic:  6/6        EV: 10    Int: 13    God:
Gold:   41         SH:  0    Dex: 13    Spells: 5/5 levels left

rFire   . . .      SeeInvis .   Y - +1 hand axe
rCold   . . .      Faith    .   (no shield)
rNeg    . . .      Spirit   .   p - +0 ring mail
rPois   .          Reflect  .   (helmet restricted)
rElec   .          Harm     .   (no cloak)
rCorr   .          Rampage  .   e - +0 pair of gloves
Will    +....                   (boots unavailable)
Stlth   +.........              (no amulet)
HPRegen 0.05/turn               d - ring of willpower
MPRegen 0.10/turn               (no ring)

@: lethally poisoned (0 -> -11)
A: beak, talons 3
a: no special abilities


You were on level 1 of the Dungeon.
You visited 1 branch of the dungeon, and saw 1 of its levels.

You collected 41 gold pieces.


Innate Abilities, Weirdness & Mutations

You have a beak for a mouth.
You have claws for feet.


   Skills:
 - Level 2.0 Fighting
 + Level 3.1 Axes
 - Level 1.0 Throwing
 - Level 1.1 Armour
 - Level 2.1 Dodging
 - Level 2.0 Spellcasting
 - Level 2.4 Translocations


You had 5 spell levels left.
You didn't know any spells.
Your spell library contained the following spells:

 Spells                   Type           Power      Damage    Failure   Level
 Blink                    Tloc           14%        N/A       34%         2
 Gell's Gravitas          Tloc           7%         N/A       56%         3
 Lesser Beckoning         Tloc           7%         N/A       56%         3
 Teleport Other           Tloc           7%         N/A       56%         3
 Manifold Assault         Tloc           7%         N/A       99%         5

Inventory:

Hand Weapons
 m - a +0 club
 Y - a +1 hand axe (weapon)
Armour
 e - a +0 pair of gloves (worn)
 p - a +0 ring mail (worn)
Jewellery
 d - a ring of willpower (left hand)
Scrolls
 n - a scroll of identify
Potions
 j - a potion of might
 k - a potion of resistance {unknown}
 o - a potion of mutation {unknown}

Dungeon Overview and Level Annotations

Branches:
Dungeon (1/15)

Altars:


Message History

It was a scroll of fear.
Done exploring.
841 ||| READING scroll labelled LUAMAH BOCKIFOE.
As you read the scroll labelled LUAMAH BOCKIFOE, it crumbles to dust.
You feel strangely unstable.
It was a scroll of teleportation.
You start waiting.
Your surroundings suddenly seem different.
Done exploring.
846 ||| READING scroll labelled SEFIUPH JUAPH.
The air fills with toxic fumes!
As you read the scroll labelled SEFIUPH JUAPH, it crumbles to dust.
It was a scroll of poison.
Done exploring.
847 ||| READING 3 scrolls labelled JICRUU NODORPHU.
As you read the scroll labelled JICRUU NODORPHU, it crumbles to dust.
It is a scroll of identify.
Really abort (and waste the scroll)?
Done exploring.
848 ||| READING 2 scrolls of identify.
As you read the scroll of identify, it crumbles to dust.
j - a potion of might
848 ||| IDENTIFYING viscous white potion Done exploring.
849 ||| DROPPING scroll of blinking.
You drop a scroll of blinking.
Done exploring.
(D) Dungeon
Where to? (* - list waypoints, ? - help)
What level of the Dungeon? (default 1, ? - help) Sorry, I don't know how to get there.
Done exploring.
850 ||| Stepping randomly (stuck).
Really walk into that cloud of poison gas?
You are engulfed in poison gas.
You are lethally poisoned!
You feel very sick.
851 ||| Stepping ~*~*~tactically~*~*~ (cloud).
You feel very sick.
You see here a scroll of blinking.
There is a lethal amount of poison in your body!
You die...

#####.#......=.................'.
......#.###.###########........#.
####..#.#...¤¤¤###.#...........#.
...#..#.#....0¤....#...........#.
##.#..#.####.¤¤###.####%.......#.
#.#..#.......¤0##....'%.......#.
##.#.##########¤#######........#.
.#.#.........00¤¤¤..# #........#.
.#.#.###....###¤@##.# #........#.
.#.#.####...####0##.# ###########
.#.#.#.........#¤##.# #....
.#.#.#.........#¤##.# #.###
##.#.#..#####..#0##.# ###.#
.....#..#S~~#..#¤##.# #[..###
##)###..#~~~#..#¤##.# ###.##...
...#.#..#~~~#..#¤##.# #........
.....#..#~~~#..#.##.#####.#.##...


There were no monsters in sight!

Vanquished Creatures
  2 ball pythons (D:1)
  An endoplasm (D:1)
  2 goblins (D:1)
  2 hobgoblins (D:1)
  A bat (D:1)
  A rat (D:1)
9 creatures vanquished.

Notes
Turn   | Place    | Note
-------+----------+-------------------------------------------
     0 | D:1      | qw the Tengu Warper began the quest for the Orb.
     0 | D:1      | Reached XP level 1. HP: 12/12 MP: 4/4
     0 | D:1      | 0 ||| qw: Version: 0.1-a-89-g26bdef1
     0 | D:1      | 0 ||| qw: Game counter: 3522
     0 | D:1      | 0 ||| qw: Always use a shield: true
     0 | D:1      | 0 ||| qw: God list: Okawaru
     0 | D:1      | 0 ||| qw: Allow faded altars: false
     0 | D:1      | 0 ||| qw: Do Orc after D:15 true
     0 | D:1      | 0 ||| qw: Do second Lair branch before Depths: true
     0 | D:1      | 0 ||| qw: Lair rune preference: random
     0 | D:1      | 0 ||| qw: Plans: Normal
     0 | D:1      | 0 ||| PLANNING D:1-11
     1 | D:1      | Noticed an electric eel
   332 | D:1      | Reached XP level 2. HP: 14/17 MP: 6/6
   554 | D:1      | Reached skill level 3 in Axes
   708 | D:1      | Found Zamaap Nafyo's Distillery.
   821 | D:1      | 821 ||| UPGRADING to +0 pair of gloves.
   826 | D:1      | 826 ||| UPGRADING to +0 ring mail.
   836 | D:1      | 836 ||| DROPPING +0 leather armour.
   837 | D:1      | 837 ||| UPGRADING to ring of willpower.
   838 | D:1      | 838 ||| DROPPING ring of magical power.
   839 | D:1      | 839 ||| READING scroll labelled KOTUCE OTHIUDA.
   840 | D:1      | 840 ||| READING scroll labelled CILUAGG OQUHUYN.
   841 | D:1      | 841 ||| READING scroll labelled LUAMAH BOCKIFOE.
   846 | D:1      | 846 ||| READING scroll labelled SEFIUPH JUAPH.
   847 | D:1      | 847 ||| READING 3 scrolls labelled JICRUU NODORPHU.
   848 | D:1      | 848 ||| READING 2 scrolls of identify.
   848 | D:1      | 848 ||| IDENTIFYING viscous white potion
   849 | D:1      | 849 ||| DROPPING scroll of blinking.
   850 | D:1      | 850 ||| Stepping randomly (stuck).
   851 | D:1      | 851 ||| Stepping ~*~*~tactically~*~*~ (cloud).
   851 | D:1      | HP: 2/17 [poisoned by you (poison gas)]
   852 | D:1      | Succumbed to their own poison gas

Levels and vault maps discovered:
D:1:      arrival_aquarium_a, layout_basic, serial_shops, nicolae_shop_crystal

Skill      XL: |  1  2 |
---------------+-------+-----
Axes           | 3 |  3.1
Fighting       | |  2.0
Throwing       | |  1.0
Armour         | |  1.1
Dodging        | |  2.1
Spellcasting   | |  2.0
Translocations | |  2.4

Action                   || total
-------------------------++-------
Melee: Hand axe          ||    13
       Kick              ||     3
       Peck              ||     2
Throw: Boomerang         ||     7
  Use: Scroll            ||     6
Armor: Leather armour    ||     3
Dodge: Dodged            ||     4

Table legend:
 A = Non-vault XP
 B = Vault XP
 C = Vault XP percentage of total XP
 D = Non-vault monster count
 E = Vault monster count
 F = Vault count percentage of total count
                 A         B        C        D         E       F
            +---------+---------+-------+---------+---------+-------
      Total |      15 |       0 |   0.0 |       9 |       0 |   0.0
            +---------+---------+-------+---------+---------+-------
        D:1 |      15 |       0 |   0.0 |       9 |       0 |   0.0
            +---------+---------+-------+---------+---------+-------
